 Dungeon Crawl Stone Soup version 0.22-a0-825-ga28c36f (webtiles) character file.

21 Amnesiac the Magician (level 2, -3/19 HPs)
             Began as a Mummy Earth Elementalist on July 24, 2018.
             Slain by a scorpion (7 damage)
             ... on level 4 of the Dungeon.
             The game lasted 00:01:04 (551 turns).

Amnesiac the Magician (Mummy Earth Elementalist)     Turns: 551, Time: 00:01:04

Health: -3/19      AC:  2    Str: 11    XL:     2   Next: 65%
Magic:  0/6        EV: 12    Int: 14    God:
Gold:   35         SH:  0    Dex: 12    Spells: 6/7 levels left

rFire    x . .     SeeInvis .   e - +0 hunting sling
rCold    + . .     Gourm    .   (no shield)
rNeg     + + +     Faith    .   c - +0 robe
rPois    ∞         Spirit   .   (no helmet)
rElec    .         Reflect  .   (no cloak)
rCorr    .         Harm     .   (no gloves)
MR       .....                  (no boots)
Stlth    ++........             (no amulet)
HPRegen  0.06/turn              (no ring)
MPRegen  0.10/turn              (no ring)

@: no status effects
A: no food or potions, fire vulnerability, cold resistance 1, negative energy
resistance 3, torment resistance, unbreathing
a: no special abilities


You were on level 4 of the Dungeon.
You were not hungry.

You visited 1 branch of the dungeon, and saw 4 of its levels.

You collected 35 gold pieces.

Inventory:

Hand Weapons
 a - a +0 short sword
 e - a +0 hunting sling (weapon)
Missiles
 b - 12 stones (quivered)
Armour
 c - a +0 robe (worn)
 d - a +0 buckler
Scrolls
 f - a scroll of remove curse {!r, unknown}


   Skills:
 - Level 1.5 Dodging
 - Level 1.5 Stealth
 + Level 3.1 Spellcasting
   Level 0.7 Transmutations
 * Level 3.1 Earth Magic


You had 6 spell levels left.
You knew the following spells:

 Your Spells              Type           Power        Failure   Level  Hunger
a - Sandblast             Erth           ##....       6%          1    N/A

Your spell library contained the following spells:

 Spells                   Type           Power        Failure   Level  Hunger
 Stone Arrow              Conj/Erth      #.....       32%         3    N/A
 Passwall                 Tmut/Erth      #.......     14%         2    N/A
 Lee's Rapid Deconstruct  Erth           ##........   86%         5    N/A
 Petrify                  Tmut/Erth      #.......     67%         4    N/A

Dungeon Overview and Level Annotations

Branches:
Dungeon (4/15)
 Temple: D:4-7

Altars:

Annotations:
D:3 Sigmund


Innate Abilities, Weirdness & Mutations

You do not eat or drink.
Your flesh is vulnerable to fire.
You are immune to poison.
Your flesh is cold resistant. (rC+)
You are immune to negative energy. (rN+++)
You are immune to unholy pain and torment.
You can survive without breathing.


Message History

You kill the ball python!
No target in view!
No target in view!
No target in view!
No target in view!
A hobgoblin comes into view.
A worm comes into view.
The hobgoblin shouts!
You hear a bark!
There is a stone staircase leading down here.
You climb downwards.
A scorpion comes into view.
There is a stone staircase leading up here.
Casting: Sandblast (safe; 6% risk of failure)
Confirm with . or Enter, or press ? or * to list all spells.
Aiming: Sandblast (safe; 6% risk of failure)
Press: ? - help, Shift-Dir - straight line, f - scorpion
Aim: a scorpion (resting)
The blast of sand hits the scorpion.
b - 17 stones
Casting: Sandblast (safe; 6% risk of failure)
Confirm with . or Enter, or press ? or * to list all spells.
Aiming: Sandblast (safe; 6% risk of failure)
Press: ? - help, Shift-Dir - straight line, f/p - scorpion
Aim: a scorpion The blast of sand hits the scorpion.
The scorpion is lightly wounded.
b - 16 stones
Casting: Sandblast (safe; 6% risk of failure)
Confirm with . or Enter, or press ? or * to list all spells.
Aiming: Sandblast (safe; 6% risk of failure)
Press: ? - help, Shift-Dir - straight line, f/p - scorpion
Aim: a scorpion (lightly wounded)
The blast of sand misses the scorpion.
b - 15 stones The scorpion stings you.
Casting: Sandblast (safe; 6% risk of failure)
Confirm with . or Enter, or press ? or * to list all spells.
Aiming: Sandblast (safe; 6% risk of failure)
Press: ? - help, Shift-Dir - straight line, f/p - scorpion
Aim: a scorpion (lightly wounded)
The blast of sand hits the scorpion.
The scorpion is lightly wounded.
b - 14 stones The scorpion stings you.
Casting: Sandblast (safe; 6% risk of failure)
Confirm with . or Enter, or press ? or * to list all spells.
Aiming: Sandblast (safe; 6% risk of failure)
Press: ? - help, Shift-Dir - straight line, f/p - scorpion
Aim: a scorpion (lightly wounded)
The blast of sand hits the scorpion.
The scorpion is moderately wounded.
b - 13 stones The scorpion stings you!
* * * LOW HITPOINT WARNING * * *
Casting: Sandblast (safe; 6% risk of failure)
Confirm with . or Enter, or press ? or * to list all spells.
Aiming: Sandblast (safe; 6% risk of failure)
Press: ? - help, Shift-Dir - straight line, f/p - scorpion
Aim: a scorpion (moderately wounded)
The blast of sand hits the scorpion.
The scorpion is moderately wounded.
b - 12 stones The scorpion stings you!
You die...

...#
...#
##...#
.....#
#....#
#....#
#s...#
#@#
###


You could see a scorpion.

Vanquished Creatures
  A worm (D:2)
  2 leopard geckos (D:2)
  A giant cockroach (D:2)
  3 hobgoblins (D:2)
  A ball python (D:3)
  2 bats (D:2)
  A frilled lizard (D:2)
  5 kobolds
  A rat (D:2)
17 creatures vanquished.

Notes
Turn   | Place    | Note
-------+----------+-------------------------------------------
     0 | D:1      | Amnesiac the Mummy Earth Elementalist began the quest for the Orb.
     0 | D:1      | Reached XP level 1. HP: 13/13 MP: 4/4
     9 | D:1      | Noticed a bullfrog
   202 | D:2      | Reached XP level 2. HP: 16/19 MP: 5/5
   518 | D:3      | Noticed Sigmund
   545 | D:4      | Noticed a scorpion
   551 | D:4      | Slain by a scorpion

Vault maps used:
D:1:      evilmike_arrival_come_back, minmay_pentomino_v2
D:2:      kiku_gazebo_garden_becter, first_ration
D:3:      grunt_dithmenos_smoke_and_mirrors, uniq_crazy_yiuf_cottage,
          uniq_sigmund
D:4:      nrook_mini_backslash

Skill      XL: |  1  2 |
---------------+-------+-----
Spellcasting   | 3 |  3.1
Earth Magic    | 3 |  3.1
Dodging        | |  1.5
Stealth        | |  1.5
Transmutations | |  0.7

Action                   || total
-------------------------++-------
Melee: Short sword       ||     9
       Unarmed           ||     1
 Fire: Hunting sling     ||    47
 Cast: Sandblast         ||    20
Armor: Robe              ||    11
Dodge: Dodged            ||    36

Table legend:
 A = Spawn XP
 B = Non-spawn XP
 C = Spawn XP percentage of total XP
 D = Spawn monster count
 E = Non-spawn monster count
 F = Spawn count percentage of total count
 G = Total turns spent on level
                    A         B        C        D         E        F      G
               +---------+---------+-------+---------+---------+-------+---------
         Total |       0 |      31 |   0.0 |       0 |      17 |   0.0 |   551
               +---------+---------+-------+---------+---------+-------+---------
           D:1 |       0 |       4 |   0.0 |       0 |       3 |   0.0 |    93
           D:2 |       0 |      26 |   0.0 |       0 |      13 |   0.0 |   432
           D:3 |       0 |       1 |   0.0 |       0 |       1 |   0.0 |    20
               +---------+---------+-------+---------+---------+-------+---------
